 Dungeon Crawl Stone Soup version 0.25-a0-730-g633e9c3 (webtiles) character file.

Game seed: 13023681246322193748, levelgen mode: deterministic

718 BlueFish the Magician (level 7, 0/50 HPs)
             Began as a Mummy Wizard on Apr 8, 2020.
             Was an Initiate of Kikubaaqudgha.
             Shot with an arrow by a centaur (14 damage)
             ... on level 6 of the Dungeon.
             The game lasted 00:13:55 (6341 turns).

BlueFish the Magician (Mummy Wizard)                Turns: 6341, Time: 00:13:55

Health: 0/50       AC: 11    Str: 11    XL:     7   Next: 42%
Magic:  0/17       EV: 12    Int: 19    God:    Kikubaaqudgha [......]
Gold:   326        SH:  0    Dex: 10    Spells: 9/19 levels left

rFire    x . .     SeeInvis .   c - +0 quarterstaff (protect)
rCold    + . .     Gourm    .   (shield currently unavailable)
rNeg     + + +     Faith    .   a - +0 robe
rPois    ∞         Spirit   .   b - +0 hat
rElec    .         Reflect  .   f - +0 cloak
rCorr    .         Harm     .   d - +0 pair of gloves
MR       .....     Rnd*Tele +   (no boots)
Stlth    ++........             (no amulet)
HPRegen  0.16/turn              h - ring of teleportation (curse)
MPRegen  0.15/turn              (no ring)

@: protection aura, very slightly contaminated
A: no food or potions, fire vulnerability, cold resistance 1, negative energy
resistance 3, torment resistance, unbreathing
a: Renounce Religion


You were on level 6 of the Dungeon.
You worshipped Kikubaaqudgha.
Kikubaaqudgha was noncommittal.
You were not hungry.

You visited 2 branches of the dungeon, and saw 7 of its levels.

You collected 326 gold pieces.

Inventory:

Hand Weapons
 c - a +0 quarterstaff of protection (weapon)
 e - a +0 spear
Armour
 a - a +0 robe (worn)
 b - a +0 hat (worn)
 d - a +0 pair of gloves (worn)
 f - a +0 cloak (worn)
Jewellery
 h - a cursed ring of teleportation (left hand)
Wands
 j - a wand of flame (9)
 l - a wand of random effects (13)
 o - a wand of iceblast (10)
Scrolls
 g - 2 scrolls of teleportation
 i - 2 scrolls of amnesia
 k - a scroll of immolation
 m - a scroll of enchant weapon
 n - a scroll of identify
 p - a scroll of magic mapping


   Skills:
 * Level 2.0 Fighting
 + Level 0.1(1.5) Polearms
 * Level 2.5 Staves
 * Level 2.5 Dodging
 * Level 2.9 Stealth
 * Level 6.8 Spellcasting
 + Level 1.0 Conjurations
 + Level 1.9 Summonings
 + Level 0.7 Translocations
 * Level 2.0 Evocations


You had 9 spell levels left.
You knew the following spells:

 Your Spells              Type           Power        Failure   Level  Hunger
a - Magic Dart            Conj           ##..         7%          1    N/A
b - Blink                 Tloc           N/A          12%         2    N/A
c - Call Imp              Summ           ##......     7%          2    N/A
d - Slow                  Hex            #.......     16%         2    N/A
e - Mephitic Cloud        Conj/Pois/Air  #.......     26%         3    N/A

Your spell library contained the following spells:

 Spells                   Type           Power        Failure   Level  Hunger
 Conjure Flame            Conj/Fire      #.......     26%         3    N/A

Dungeon Overview and Level Annotations

Branches:
Dungeon (6/15)             Temple (1/1) D:5

Altars:
Ashenzari
Cheibriados
Elyvilon
Gozag
Hepliaklqana
Kikubaaqudgha
Makhleb
Nemelex Xobeh
Okawaru
Qazlal
Trog
Uskayaw
Vehumet
Wu Jian
Xom
The Shining One


Innate Abilities, Weirdness & Mutations

You do not eat or drink.
Your flesh is vulnerable to fire.
You are immune to poison.
Your flesh is cold resistant. (rC+)
You are immune to negative energy. (rN+++)
You are immune to unholy pain and torment.
You can survive without breathing.


Message History

The ball explodes into a vile cloud!
The stinking cloud engulfs the orc warrior but does no damage.
The orc warrior is almost dead.
The stinking cloud engulfs your crimson imp but does no damage.
You hear a shout!
The orc warrior is engulfed in noxious fumes.
You hit the orc warrior but do no damage.
Your weapon exudes an aura of protection.
The orc warrior is almost dead.
A centaur comes into view.
Your crimson imp hits the orc warrior but does no damage.
The orc warrior is engulfed in noxious fumes.
The orc warrior appears confused.
The centaur shouts!
You hit the orc warrior but do no damage.
The orc warrior is almost dead.
The centaur wields a +0 shortbow.
The centaur shoots an arrow.
The arrow hits you!
You die...
Kikubaaqudgha rasps: "You have failed me!
Welcome... oblivion!"

###############
#......○5o@...#
#######.#########.#.#
.....)).# #..
...).#### #.# ####)#
#.c ####)####.####
### #.....)...oo..
........oo.##.
#.##.####..#


You could see an orc warrior (confused), a centaur and a friendly crimson imp.

Vanquished Creatures
  A bullfrog (D:4)
  A crimson imp (D:3)
  A jelly (D:4)
  3 orc priests
  2 hounds (D:4)
  3 orc wizards
  A worker ant (D:4)
  5 adders
  An ooze (D:5)
  2 worms
  2 dart slugs
  A leopard gecko (D:2)
  16 orcs
  4 bats
  3 giant cockroaches
  A goblin (D:1)
  5 hobgoblins
  5 jackals
  2 quokkas
  4 frilled lizards
  A jackal skeleton (D:4)
  3 kobolds
  3 rats
70 creatures vanquished.

Vanquished Creatures (collateral kills)
  Eustachio (D:4)
  A bullfrog zombie (D:5)
  3 orc wizards
  An adder (D:5)
  3 worms
  A leopard gecko (D:5)
  3 orcs
  A giant cockroach (D:4)
  A goblin (D:2)
  A hobgoblin (D:2)
  2 jackals
  A ball python skeleton (D:4)
19 creatures vanquished.

Grand Total: 89 creatures vanquished

Notes
Turn   | Place    | Note
-------+----------+-------------------------------------------
     0 | D:1      | BlueFish the Mummy Wizard began the quest for the Orb.
     0 | D:1      | Reached XP level 1. HP: 13/13 MP: 5/5
   832 | D:2      | Reached XP level 2. HP: 19/19 MP: 5/7
   836 | D:2      | Learned a level 2 spell: Blink
   839 | D:2      | Learned a level 2 spell: Call Imp
   842 | D:2      | Learned a level 2 spell: Slow
  1749 | D:2      | Reached skill level 5 in Spellcasting
  1872 | D:2      | Reached XP level 3. HP: 9/25 MP: 3/9
  1877 | D:2      | Learned a level 3 spell: Mephitic Cloud
  2426 | D:3      | Reached skill level 1 in Summonings
  2562 | D:3      | Reached skill level 1 in Fighting
  2562 | D:3      | Reached XP level 4. HP: 32/32 MP: 6/11
  3652 | D:4      | Reached skill level 6 in Spellcasting
  3743 | D:4      | Reached XP level 5. HP: 37/37 MP: 5/13
  3753 | D:4      | Reached skill level 1 in Evocations
  3957 | D:4      | Reached skill level 1 in Staves
  3966 | D:4      | Reached XP level 6. HP: 24/43 MP: 5/15
  4113 | D:4      | Found a stormy altar of Qazlal.
  4210 | D:4      | Found a bloodstained altar of Trog.
  4507 | D:4      | Noticed Eustachio
  4534 | D:4      | Killed Eustachio
  4932 | D:5      | Entered Level 5 of the Dungeon
  4992 | D:5      | Reached skill level 1 in Conjurations
  4992 | D:5      | Reached XP level 7. HP: 49/49 MP: 9/16
  5136 | D:5      | Found a staircase to the Ecumenical Temple.
  5142 | Temple   | Entered the Ecumenical Temple
  5179 | Temple   | Became a worshipper of Kikubaaqudgha
  5203 | D:5      | Found an iron altar of Okawaru.
  6341 | D:6      | Shot with an arrow by a centaur

Levels and vault maps discovered:
D:1:      nzn_arrival_settlement, layout_basic, item_on_display_a
D:2:      layout_loops_cross, first_ration, glass_columns_b
D:3:      layout_loops_corners, grunt_ministairs_1, hex_medium
D:4:      layout_basic, kennysheep_little_box, grunt_qazlal_clouds,
          uniq_eustachio
D:5:      layout_basic, minmay_temple_entry_arrows, basic_altar,
          minmay_strange_pillars
D:6:      layout_loops_ring, nicolae_overflow_hidden_temple
Temple:   nicolae_temple_god_jail

Skill      XL: |  1  2  3  4  5  6  7 |
---------------+----------------------+-----
Spellcasting   | 5 6 |  6.8
Summonings     | 1 |  1.9
Fighting       | 1 2 |  2.0
Evocations     | 1 2 |  2.0
Stealth        | 2 |  2.9
Staves         | 1 2 |  2.5
Dodging        | 2 |  2.5
Conjurations   | 1 |  1.0
Polearms       | |  0.1
Translocations | |  0.7

Action                   |  1- 3 |  4- 6 |  7- 9 || total
-------------------------+-------+-------+-------++-------
Melee: Whip              |    15 |       |       ||    15
       Spear             |    13 |       |       ||    13
       Quarterstaff      |    17 |    95 |    88 ||   200
 Cast: Magic Dart        |    37 |    40 |    29 ||   106
       Call Imp          |    23 |    21 |    13 ||    57
       Mephitic Cloud    |       |     3 |     7 ||    10
  Use: Scroll            |     3 |     3 |     2 ||     8
 Stab: Distracted        |     1 |       |     1 ||     2
       Confused          |       |     4 |     1 ||     5
Armor: Robe              |    17 |    45 |    22 ||    84
Dodge: Dodged            |    24 |    92 |    57 ||   173

Table legend:
 A = Non-vault XP
 B = Vault XP
 C = Vault XP percentage of total XP
 D = Non-vault monster count
 E = Vault monster count
 F = Vault count percentage of total count
                 A         B        C        D         E       F
            +---------+---------+-------+---------+---------+-------
      Total |     827 |     200 |  19.5 |      87 |       2 |   2.2
            +---------+---------+-------+---------+---------+-------
        D:1 |      11 |       0 |   0.0 |       6 |       0 |   0.0
        D:2 |      44 |       0 |   0.0 |      17 |       0 |   0.0
        D:3 |     102 |       2 |   1.9 |      18 |       1 |   5.3
        D:4 |     344 |     198 |  36.5 |      17 |       1 |   5.6
        D:5 |     237 |       0 |   0.0 |      19 |       0 |   0.0
        D:6 |      89 |       0 |   0.0 |      10 |       0 |   0.0
            +---------+---------+-------+---------+---------+-------
